 Dungeon Crawl Stone Soup version 0.32-a0-841-g4648e6c457 (webtiles) character file.

Game seed: 8556518796210256000

5426 Shayle the Thaumaturge (level 10, -13/68 HPs)
             Began as a Coglin Alchemist on Mar 27, 2024.
             Was a Priest of Beogh.
             Mangled by a +11 morningstar "Parach" {spect, rN+ Int+5} (22 damage)
             ... created by Bogbarth the orc apostle
             ... on level 7 of the Dungeon.
             The game lasted 00:32:27 (9549 turns).

Shayle the Thaumaturge (Coglin Alchemist)           Turns: 9549, Time: 00:32:27

Health: -13/68     AC: 10    Str:  9    XL:     10   Next: 67%
Magic:  11/22      EV: 10    Int: 19    God:    Beogh [***...]
Gold:   180        SH:  0    Dex: 14    Spells: 13/25 levels left

rFire   . . .        A - +2 whip (freeze) {Ilshubani}
rCold   . . .        n - +1 morningstar {Jin}
rNeg    . . .        z - +0 acid dragon scales
rPois   .            x - +2 hat
rElec   .            (no cloak)
rCorr   +            (no gloves)
SInv    .            j - +1 pair of boots
Will    .....        (amulet unavailable)
Stlth   +            (ring unavailable)
HPRegen 0.31/turn    (ring unavailable)
MPRegen 0.18/turn    (no gizmo)

%: clarity
@: very slightly contaminated
A: off-hand wielding, slow wielding, warmup strikes, no jewellery, fangs 1,
clarity, frail 1
a: Invent Gizmo, Renounce Religion, Smiting


You were on level 7 of the Dungeon.
You worshipped Beogh.
Beogh was most pleased with you.
You visited 2 branches of the dungeon, and saw 9 of its levels.
You also visited: Sewer.

You collected 465 gold pieces.
You spent 285 gold pieces at shops.

Inventory:

Hand Weapons
 k - a +0 sling
 m - a +3 whip {Mettia}
 n - a +1 morningstar (offhand) {Jin}
 A - a +2 whip of freezing (weapon) {Ilshubani}
 B - a +5 dagger of electrocution
Missiles
 h - 3 boomerangs
 F - 9 curare-tipped darts
Armour
 a - a +0 robe
 j - a +1 pair of boots (worn)
 x - a +2 hat (worn)
 z - +0 acid dragon scales (worn)
 C - a +2 robe of willpower
Wands
 w - a wand of flame (6)
 y - a wand of charming (4)
Scrolls
 d - a scroll of silence
 f - 2 scrolls of poison
 l - 2 scrolls of fear
 o - 3 scrolls of torment
 r - 3 scrolls of blinking
 s - 2 scrolls of fog
 t - 2 scrolls of amnesia
 D - 4 scrolls of vulnerability
 E - a scroll of noise
Potions
 b - a potion of magic
 c - a potion of curing
 e - 2 potions of might
 g - 2 potions of invisibility
 i - 3 potions of attraction
 p - 2 potions of enlightenment
 q - a potion of ambrosia
 u - a potion of resistance
 v - 5 potions of degeneration
 G - a potion of berserk rage {unknown}


   Skills:
 - Level 5.7 Fighting
 - Level 1.7 Dodging
 - Level 1.5 Stealth
 - Level 8.3 Spellcasting
 - Level 5.3 Conjurations
 - Level 5.2 Fire Magic
 - Level 5.5 Air Magic
 - Level 5.7 Alchemy
 + Level 5.0 Invocations


You had 13 spell levels left.
You knew the following spells:

 Your Spells              Type           Power      Damage    Failure   Level
a - Sting                 Conj/Alch      100%       1d9       1%          1
b - Mephitic Cloud        Conj/Alch/Air  28%        N/A       4%          3
c - Sticky Flame          Fire/Alch      28%        2d7       16%         4
d - Olgreb's Toxic Radia  Alch           29%        N/A       14%         4

Your spell library contained the following spells:

 Spells                   Type           Power      Damage    Failure   Level
 Mercury Vapours          Alch/Air       58%        N/A       2%          2
 Swiftness                Air            28%        N/A       4%          3
 Necrotise                Necr           28%        1d5       16%         1
 Fulminant Prism          Conj/Alch      14%        3d8       16%         4
 Ensorcelled Hibernation  Hex/Ice        14%        N/A       22%         2
 Fugue of the Fallen      Necr           7%         N/A       41%         3
 Passwall                 Erth           7%         N/A       41%         3
 Vampiric Draining        Necr           7%         2d6       41%         3
 Petrify                  Alch/Erth      18%        N/A       41%         4
 Anguish                  Hex/Necr       3%         N/A       83%         4
 Martyr's Knell           Necr/Summ      7%         N/A       83%         4
 Curse of Agony           Necr           7%         N/A       99%         5


Dungeon Overview and Level Annotations

Branches:
Dungeon (8/15)             Temple (1/1) D:5           Sewer (visited)
   Lair: D:8-11

Altars:
Ashenzari
Cheibriados
Dithmenos
Fedhas
Gozag
Hepliaklqana
Kikubaaqudgha
Makhleb
Nemelex Xobeh
Okawaru
Qazlal
Ru
Sif Muna
Trog
Uskayaw
Vehumet
Wu Jian
Xom
Yredelemnul
Zin
The Shining One

Shops:
D:2 *   D:7 *(

Annotations:
D:5 exclusion: statue
D:8 1 transporter, Jeremiah


Innate Abilities, Weirdness & Mutations

Your facial features look somewhat orcish.
You can wield a second weapon in your off-hand.
It takes a long time for you to wield or remove held weapons.
Your first few attacks do less damage.
You cannot equip rings or amulets.
You have very sharp teeth.
You possess an exceptional clarity of mind.
You are frail. (-10% HP)


Message History

Bogbarth is engulfed in noxious fumes.
Casting: Mephitic Cloud (dangerous; 4% risk of failure)
Confirm with . or Enter, or press ? or * to list all spells.
Aiming: Sticky Flame (dangerous; 16% risk of failure)
Press: ? - help, Shift-Dir - straight line, f - Bogbarth
Aim: Bogbarth the orc apostle, wielding the +11 morningstar "Parach" {spect, rN+ Int+5} and wearing a +3 leather armour (confused, empowered by the touch of Beogh)
You miscast Sticky Flame.
You are very lightly contaminated with residual magic.
Sparks fly from your graspers. Bogbarth closely misses you.
The +11 morningstar "Parach" {spect, rN+ Int+5} hits you!
A +11 morningstar "Parach" {spect, rN+ Int+5} comes into view.
You closely miss Bogbarth with your +1 morningstar.
You closely miss Bogbarth with your +2 whip of freezing.
Unknown command.
The +11 morningstar "Parach" {spect, rN+ Int+5} disappears.
Casting: Sticky Flame (dangerous; 16% risk of failure)
Confirm with . or Enter, or press ? or * to list all spells.
Okay, then.
Okay, then.
Casting: Sticky Flame (dangerous; 16% risk of failure)
Confirm with . or Enter, or press ? or * to list all spells.
Aiming: Mephitic Cloud (dangerous; 4% risk of failure)
Press: ? - help, Shift-Dir - straight line, f/p - Bogbarth
Aim: Bogbarth the orc apostle, wielding the +11 morningstar "Parach" {spect, rN+ Int+5} and wearing a +3 leather armour (confused, empowered by the touch of Beogh, chance to affect: 67%)
The ball explodes into a vile cloud!
The stinking cloud engulfs Bogbarth.
Bogbarth is engulfed in noxious fumes.
Bogbarth appears confused.
Bogbarth is engulfed in noxious fumes.
Bogbarth appears confused.
Casting: Mephitic Cloud (dangerous; 4% risk of failure)
Confirm with . or Enter, or press ? or * to list all spells.
Aiming: Sticky Flame (dangerous; 16% risk of failure)
Press: ? - help, Shift-Dir - straight line, f/p - Bogbarth
Aim: Bogbarth the orc apostle, wielding the +11 morningstar "Parach" {spect, rN+ Int+5} and wearing a +3 leather armour (noxious fumes, confused, empowered by the touch of Beogh)
The sticky flame hits Bogbarth.
Bogbarth is lightly wounded.
Bogbarth burns!
Bogbarth is engulfed in noxious fumes.
Bogbarth appears confused.
Bogbarth hits you with the +11 morningstar "Parach"!
* * * LOW HITPOINT WARNING * * *
The +11 morningstar "Parach" {spect, rN+ Int+5} hits you!!
You die...

.<..[[.....#..#.>####
..........##........#
.........####)......#
.)........####......#
.......#...# ##.....##
......###..####......###
.......##..##.#........# ####
..............#o#ยง...######..##
.......#.......(@....##.##....#
.......##......##....#...#..###
.......#....##..............#
...........#..........###...#
.#.....#.#.#...........#....#
.#.##..###....##...........##
.####............#...##.##.#
..##..#..........#......#.##
...##...##.................#


You could see Bogbarth the orc apostle (confused, divinely empowered) and a +11
morningstar "Parach" {spect, rN+ Int+5} (wandering).

Vanquished Creatures
  Pikel (D:7)
  Joseph (D:7)
  A komodo dragon (D:7)
  3 yaks (D:8)
  A steam dragon (D:7)
  An acid dragon (D:5)
  Duvessa (D:7)
  3 water moccasins (D:7)
  3 orc warriors
  2 black bears
  An ogre (D:4)
  A lemure (D:7)
  2 kobold brigands (D:8)
  2 phantoms
  2 scorpions
  3 bullfrogs
  Dowan (D:7)
  5 killer bees (D:8)
  6 electric eels (D:7)
  2 howler monkeys
  7 hounds
  2 jellies
  5 orc priests
  2 bombardier beetles
  Jessica (D:3)
  2 gnoll boudas
  4 iguanas
  A sleepcap (D:4)
  Natasha (thrice) (D:3)
  7 orc wizards
  A hell rat (Sewer)
  Robin (D:3)
  12 gnolls
  11 adders
  A river rat (Sewer)
  2 ufetubi (Temple)
  2 dart slugs
  A ribbon worm (D:4)
  36 orcs
  4 bats
  4 endoplasms
  4 giant cockroaches
  15 goblins
  8 hobgoblins
  4 jackals
  17 kobolds
  6 quokkas
  10 ball pythons
  3 frilled lizards
  7 rats
225 creatures vanquished.

Vanquished Creatures (collateral kills)
  A killer bee (D:8)
1 creature vanquished.

Vanquished Creatures (others)
  An orc (D:7)
  A kobold (D:8)
2 creatures vanquished.

Grand Total: 228 creatures vanquished

Notes
Turn   | Place    | Note
-------+----------+-------------------------------------------
     0 | D:1      | Shayle the Coglin Alchemist began the quest for the Orb.
     0 | D:1      | Reached XP level 1. HP: 13/13 MP: 3/3
   201 | D:1      | Reached skill level 2 in Spellcasting
   477 | D:1      | Reached XP level 2. HP: 14/19 MP: 1/5
  1277 | D:2      | Reached XP level 3. HP: 24/24 MP: 6/6
  1288 | D:2      | Learned a level 3 spell: Mephitic Cloud
  1593 | D:2      | Found Isonus's General Store.
  1598 | D:2      | Bought a scroll of blinking for 105 gold pieces
  1598 | D:2      | Bought a scroll of fog for 56 gold pieces
  1748 | D:2      | Reached XP level 4. HP: 22/30 MP: 5/8
  1799 | D:2      | Got the Spellbook of Esoterica
  2351 | D:3      | Noticed Natasha
  2359 | D:3      | Killed Natasha
  2360 | D:3      | Reached skill level 3 in Spellcasting
  2370 | D:3      | Noticed Natasha
  2373 | D:3      | Gained mutation: You have hidden genetic potential. [potion
                  | of mutation]
  2373 | D:3      | Gained mutation: You occasionally lose the ability to drink
                  | potions when taking damage. [potion of mutation]
  2373 | D:3      | Gained mutation: You are agile. (Dex +4, Str/Int -1)
                  | [potion of mutation]
  2383 | D:3      | Killed Natasha
  2384 | D:3      | Reached XP level 5. HP: 29/35 MP: 6/9
  2465 | D:3      | Found a faded altar of an unknown god.
  2475 | D:3      | Reached skill level 5 in Alchemy
  2535 | D:3      | Noticed Robin
  2540 | D:3      | Found an iron altar of Okawaru.
  2548 | D:3      | Noticed Jessica
  2578 | D:3      | Killed Robin
  2580 | D:3      | Killed Jessica
  2584 | D:3      | Gained mutation: You possess an exceptional clarity of
                  | mind. [hidden potential]
  2794 | D:3      | Lost mutation: You have hidden genetic potential. [potion
                  | of mutation]
  2794 | D:3      | Lost mutation: You occasionally lose the ability to drink
                  | potions when taking damage. [potion of mutation]
  2794 | D:3      | Lost mutation: You are agile. (Dex +4, Str/Int -1) [potion
                  | of mutation]
  2794 | D:3      | Gained mutation: You are frail. (-10% HP) [potion of
                  | mutation]
  2794 | D:3      | Gained mutation: You have very sharp teeth. [potion of
                  | mutation]
  3086 | D:4      | Reached skill level 5 in Fighting
  3086 | D:4      | Reached skill level 6 in Spellcasting
  3086 | D:4      | Reached skill level 5 in Conjurations
  3086 | D:4      | Reached skill level 5 in Fire Magic
  3086 | D:4      | Reached XP level 6. HP: 3/46 MP: 9/15
  3091 | D:4      | Reached XP level 7. HP: 5/51 MP: 9/16
  3259 | D:3      | Noticed Natasha
  3266 | D:3      | Killed Natasha
  3305 | D:4      | Found a glowing drain.
  3323 | Sewer    | Entered a sewer
  3832 | Sewer    | Learned a level 4 spell: Sticky Flame
  4067 | D:4      | Reached skill level 1 in Air Magic
  4334 | D:4      | Reached XP level 8. HP: 43/57 MP: 12/18
  4484 | D:4      | Found a glowing silver altar of Zin.
  4487 | D:4      | Found an ancient bone altar of Kikubaaqudgha.
  4661 | D:4      | Found a shadowy altar of Dithmenos.
  5017 | D:5      | Entered Level 5 of the Dungeon
  5028 | D:5      | Identified the +0 ring mail of Knowledge {Fly Dex+6}
  5132 | D:5      | Reached skill level 7 in Spellcasting
  5332 | D:5      | Found a radiant altar of Vehumet.
  5353 | D:5      | Found a staircase to the Ecumenical Temple.
  5365 | D:5      | Became a worshipper of Beogh the Shepherd
  5372 | Temple   | Entered the Ecumenical Temple
  6390 | D:5      | Reached XP level 9. HP: 42/62 MP: 9/20
  6733 | D:6      | Reached * piety under Beogh
  7127 | D:6      | Found a shimmering altar of Xom.
  7586 | D:7      | Noticed Joseph
  7713 | D:7      | Noticed Pikel
  7734 | D:7      | Killed Pikel
  7735 | D:7      | Reached skill level 8 in Spellcasting
  7735 | D:7      | Reached skill level 5 in Air Magic
  7882 | D:7      | Noticed Dowan
  7887 | D:7      | Noticed Duvessa
  7897 | D:7      | Killed Duvessa
  7902 | D:7      | Killed Dowan
  7902 | D:7      | Reached ** piety under Beogh
  7960 | D:7      | Killed Joseph
  7961 | D:7      | Reached XP level 10. HP: 60/68 MP: 14/22
  8078 | D:7      | Found Tyhom's Weapon Boutique.
  8104 | D:7      | Reached skill level 1 in Invocations
  8232 | D:7      | Learned a level 4 spell: Olgreb's Toxic Radiance
  8814 | D:7      | Found an ornate altar of the Wu Jian Council.
  8814 | D:7      | Found a snail-covered altar of Cheibriados.
  8886 | D:7      | Found Buampe's Serpentskin Sales.
  9014 | D:7      | Bought 3 curare-tipped darts for 46 gold pieces
  9014 | D:7      | Bought 5 curare-tipped darts for 78 gold pieces
  9123 | D:8      | Found a transporter.
  9123 | D:8      | Found a transporter.
  9491 | D:8      | Reached *** piety under Beogh
  9495 | D:8      | Noticed Jeremiah
  9496 | D:8      | Reached skill level 5 in Invocations
  9529 | D:7      | Identified the +11 morningstar "Parach" {spect, rN+ Int+5}
  9529 | D:7      | Noticed Bogbarth
  9549 | D:7      | Mangled by a +11 morningstar "Parach" {spect, rN+ Int+5}

Illustrated notes

Levels and vault maps discovered:
D:1:      mushboom_english_gardens, layout_basic, minmay_gold_behind_fungi,
          amcnicky_mini_corridor_feature, serial_park_tiny_pond,
          serial_bayou_pond_e, chequers_jeans, hex_medium
D:2:      minmay_general_purpose_star, layout_rooms, serial_shops,
          nicolae_shop_just_a_little_nook, fountainhead,
          kennysheep_generic_room_14
D:3:      layout_basic, mainiacjoe_overflow_paths,
          hellmonk_ecumenical_altar_heavens_door, uniq_natasha, uniq_robin,
          uniq_jessica
D:4:      layout_loops_cross, grunt_temple_overflow_open, kennysheep_mini_moat,
          cheibrodos_sewer_entry_sluice, minmay_vboxes
D:5:      layout_loops_ring, vehumet_statue, minmay_temple_entry_ruins,
          chequers_serial_rivers_room_a, mrwooster_statue_mirror
D:6:      wander_river, layout_rooms, old_standard_altar
D:7:      cheibrodos_two_vegetables, layout_cave_pools,
          gammafunk_temple_overflow_elements, serial_shops,
          nicolae_shop_bloodbath_and_beyond, guppyfry_shop_venom, uniq_pikel,
          uniq_duvessa, uniq_joseph
D:8:      layout_basic, david_lair_shrubbed, nicolae_diode_stairs, uniq_jeremiah
Temple:   nicolae_temple_god_jail

Skill      XL: |  1  2  3  4  5  6  7  8  9 10 |
---------------+-------------------------------+-----
Spellcasting   | 2 3 6 7 8 |  8.3
Alchemy        | 4 5 |  5.7
Fighting       | 5 |  5.7
Conjurations   | 5 |  5.3
Fire Magic     | 5 |  5.2
Air Magic      | 1 3 5 |  5.5
Invocations    | 5 |  5.0
Dodging        | |  1.7
Stealth        | |  1.5

Action                     |  1- 3 |  4- 6 |  7- 9 | 10-12 || total
---------------------------+-------+-------+-------+-------++-------
  Melee: Dagger            |    69 |    82 |    87 |       ||   238
         Unarmed           |     1 |       |       |       ||     1
         Morningstar       |    13 |    84 |   248 |    52 ||   397
         Bite              |       |     1 |    27 |     4 ||    32
         Whip              |       |       |   135 |    49 ||   184
   Cast: Sting             |    23 |    24 |    26 |     3 ||    76
         Mephitic Cloud    |       |     3 |    41 |    11 ||    55
         Sticky Flame      |       |       |    20 |    11 ||    31
         Olgreb's Toxic Ra |       |       |       |     6 ||     6
 Invoke: Convert to Beogh  |       |       |     1 |       ||     1
  Evoke: Wand              |       |       |       |     5 ||     5
    Use: Scroll            |     3 |       |    13 |     4 ||    20
         Potion            |       |     6 |       |       ||     6
   Stab: Sleeping          |     2 |     5 |     3 |       ||    10
         Confused          |       |     2 |    21 |     9 ||    32
 Armour: Robe              |    23 |    72 |   158 |       ||   253
         Skin              |       |     1 |       |       ||     1
         Acid dragon scale |       |       |    83 |    59 ||   142
  Dodge: Dodged            |    30 |    70 |   211 |    31 ||   342

Table legend: (Time is in decaauts)
 A = Elapsed time spent in this place.
 B = Non-inter-level travel time spent in this place.
 C = Inter-level travel time spent in this place.
 D = Time resting spent in this place.
 E = Time spent auto-exploring this place.
 F = Levels seen in this place.
 G = Mean time per level.
                   A        B        C        D        E       F      G
               +--------+--------+--------+--------+--------+-----+--------+
         Total |   9718 |   9482 |    236 |   2695 |   4398 |  10 |  971.8 |
       Dungeon |   8828 |   8592 |    236 |   1979 |   4354 |   8 | 1103.5 |
        Temple |    361 |    361 |      0 |    319 |      0 |   1 |  361.0 |
         Sewer |    528 |    528 |      0 |    397 |     43 |   1 |  528.0 |
               +--------+--------+--------+--------+--------+-----+--------+

Top non-repeatable levels by time:
     D:7: 1646 daAuts
     D:5: 1360 daAuts
     D:4: 1335 daAuts
     D:1: 1231 daAuts
     D:3: 1071 daAuts
     D:2: 914 daAuts
     D:6: 866 daAuts
   Sewer: 528 daAuts
     D:8: 403 daAuts
  Temple: 361 daAuts
